 Dungeon Crawl Stone Soup version 0.30-a0-297-g0ec75d9ef4 (webtiles) character file.

Game seed: 3883207894907599159

3770 Iusername the Fighter (level 9, -12/83 HPs)
             Began as a Minotaur Fighter on Oct 19, 2022.
             Was an Initiate of Gozag.
             Mangled by a red ugly thing (28 damage)
             ... on level 9 of the Dungeon.
             The game lasted 00:09:27 (8206 turns).

Iusername the Fighter (Minotaur Fighter)            Turns: 8206, Time: 00:09:28

Health: -12/83     AC: 16    Str: 25    XL:     9   Next: 94%
Magic:  8/8        EV:  8    Int:  5    God:    Gozag
Gold:   1058       SH: 10    Dex: 10    Spells: 8/8 levels left

rFire   x . .      SeeInvis .    a - +2 war axe
rCold   + + .      Faith    .    z - +0 kite shield
rNeg    . . .      Spirit   .    t - +2 ice dragon scales
rPois   .          Reflect  .    (helmet restricted)
rElec   .          Harm     .    (no cloak)
rCorr   .          Rampage  .    v - +0 pair of gloves
Will    .....                    (no boots)
Stlth   ..........               (no amulet)
HPRegen 0.33/turn                (no ring)
MPRegen 0.11/turn                (no ring)

@: no status effects
A: horns 2, retaliatory headbutt
a: Renounce Religion, Potion Petition, Call Merchant, Bribe Branch


You were on level 9 of the Dungeon.
You worshipped Gozag.
Gozag was most pleased with you.
You visited 2 branches of the dungeon, and saw 10 of its levels.

You collected 1102 gold pieces.
You paid 44 gold pieces to Gozag.

Inventory:

Hand Weapons
 a - a +2 war axe (weapon)
Missiles
 l - 14 javelins (quivered)
 y - a throwing net
Armour
 t - +2 ice dragon scales (worn)
 v - a +0 pair of gloves (worn)
 z - a +0 kite shield (worn)
Jewellery
 b - a ring of see invisible
 d - a ring of fire
 m - an amulet of reflection
 x - a ring of protection from cold
Wands
 u - a wand of flame (13)
Scrolls
 g - 2 scrolls of amnesia
 k - 5 scrolls of identify
 n - a scroll of enchant armour
 o - a scroll of vulnerability {unknown}
 p - 4 scrolls of teleportation
 q - 2 scrolls of poison
 B - a scroll of blinking {unknown}
 D - a scroll of enchant weapon
Potions
 c - a potion of lignification {unknown}
 e - a potion of degeneration {unknown}
 f - a potion of flight {unknown}
 h - 5 potions of attraction
 i - 2 potions of curing
 j - 3 potions of brilliance
 r - a potion of mutation {unknown}
 s - 2 potions of magic {unknown}
 w - 3 potions of haste {unknown}
 A - a potion of heal wounds {unknown}
 C - a potion of might


   Skills:
 + Level 9.3 Fighting
 + Level 9.0 Axes
 + Level 9.3 Armour
 + Level 9.3 Shields


You had 8 spell levels left.
You didn't know any spells.
Your spell library contained the following spells:

 Spells                   Type           Power      Damage    Failure   Level
 Sandblast                Erth           0%         2d4       96%         1
 Summon Small Mammal      Summ           0%         N/A       96%         1
 Passwall                 Tmut/Erth      0%         N/A       99%         2
 Call Canine Familiar     Summ           0%         N/A       100%        3
 Gell's Gravitas          Tloc           0%         N/A       100%        3
 Lesser Beckoning         Tloc           0%         N/A       100%        3
 Stone Arrow              Conj/Erth      0%         3d7       100%        3
 Summon Guardian Golem    Hex/Summ       0%         N/A       100%        3
 Teleport Other           Tloc           0%         N/A       100%        3


Dungeon Overview and Level Annotations

Branches:
Dungeon (9/15)             Temple (1/1) D:4
   Lair: D:8-11         Orc: D:9-12

Altars:
Ashenzari
Dithmenos
Fedhas
Gozag
Hepliaklqana
Makhleb
Nemelex Xobeh
Qazlal
Sif Muna
Trog
Uskayaw
Vehumet
Wu Jian
Xom
Yredelemnul
Zin
The Shining One

Shops:
D:1 (   D:4 *   D:7 [   D:9 [


Innate Abilities, Weirdness & Mutations

You have a pair of horns on your head.
You reflexively headbutt those who attack you in melee.


Message History

No target in view!
HP restored.
You now have 1043 gold pieces (gained 15).
There is an open door, spattered with blood here.
You now have 1050 gold pieces (gained 7).
There is an open door, spattered with blood here.
You now have 1058 gold pieces (gained 8).
There is an open door, spattered with blood here.
You open the door.
Found Berun's Antique Armour Shoppe.
There is an open door here.
Key pressed, stopping explore.
No target in view!
There is an entrance to Berun's Antique Armour Shoppe here.
D - a scroll of enchant weapon A red ugly thing comes into view.
A red ugly thing is nearby!
A red ugly thing is nearby!
You block the red ugly thing's attack.
A red ugly thing is nearby!
You slash the red ugly thing!
The red ugly thing is lightly wounded.
You block the red ugly thing's attack. The red ugly thing gores you!
You are engulfed in flames!!
The fire burns you terribly!
You are too injured to fight recklessly!
You are too injured to fight recklessly!
Unknown command.
You feel better. The red ugly thing gores you.
You are engulfed in flames!!
The fire burns you terribly!
* * * LOW HITPOINT WARNING * * *
You closely miss the red ugly thing.
The red ugly thing is lightly wounded.
The red ugly thing gores you but does no damage.
You hit the red ugly thing. You headbutt the red ugly thing.
The red ugly thing is moderately wounded.
The red ugly thing gores you.
* * * LOW HITPOINT WARNING * * *
You are engulfed in flames!!
The fire burns you terribly!
You die...
Your body crumbles into a pile of gold.

#.[......#..
###(....##..
###...##..
###.....##..
###.........∩.
###......##....#
###........####..#
###............##..#
#.u@........##.....#
#.............########
...............##
##.....#########
######


You could see a red ugly thing.

Vanquished Creatures
  An ugly thing (D:9)
  Maggie (D:8)
  The ghost of bande the Chopper, a novice GrFi (D:4)
  A water moccasin (D:7)
  2 ice beasts (D:7)
  3 sky beasts
  An ogre (D:6)
  A centaur (D:8)
  A kobold brigand (D:8)
  3 bullfrogs
  3 necrophages
  2 scorpions
  4 wights (D:8)
  9 killer bees
  A howler monkey (D:9)
  3 hounds (D:6)
  2 jellies
  5 orc priests
  4 iguanas
  7 orc wizards
  8 gnolls
  7 adders
  A shadow imp (D:7)
  4 white imps
  An ufetubus (D:4)
  2 worms
  A dart slug (D:4)
  40 orcs
  9 endoplasms
  6 giant cockroaches
  11 goblins
  4 hobgoblins
  7 jackals
  4 quokkas
  5 ball pythons
  5 bats
  2 frilled lizards
  15 kobolds
  7 rats
194 creatures vanquished.

Vanquished Creatures (others)
  3 plants
3 creatures vanquished.

Grand Total: 197 creatures vanquished

Notes
Turn   | Place    | Note
-------+----------+-------------------------------------------
     0 | D:1      | Iusername the Minotaur Fighter began the quest for the Orb.
     0 | D:1      | Reached XP level 1. HP: 19/19 MP: 0/0
    29 | D:1      | Reached XP level 2. HP: 10/27 MP: 1/1
   181 | D:1      | Found a faded altar of an unknown god.
   260 | D:1      | Reached XP level 3. HP: 25/33 MP: 2/2
   309 | D:1      | Found Toqydog's Antique Weapon Shop.
  1264 | D:2      | Reached XP level 4. HP: 40/40 MP: 3/3
  1700 | D:3      | Identified the +2 leather armour of Tousioj {rF+ Str+4}
  1737 | D:3      | Found a shadowy altar of Dithmenos.
  1755 | D:3      | Found a glowing silver altar of Zin.
  2090 | D:3      | Found a hide-covered altar of Uskayaw.
  2101 | D:3      | Found a shimmering blue altar of Sif Muna.
  2372 | D:4      | Found a staircase to the Ecumenical Temple.
  2417 | D:4      | Noticed a bullfrog
  2418 | D:4      | Found a runed translucent door.
  2427 | D:4      | Noticed bande's ghost (novice GrFi)
  2433 | D:4      | Reached XP level 5. HP: 44/47 MP: 4/4
  2437 | D:4      | Reached skill level 5 in Armour
  2443 | D:4      | Killed bande's ghost
  2444 | D:4      | Reached skill level 5 in Fighting
  2444 | D:4      | Reached skill level 5 in Shields
  2444 | D:4      | Reached XP level 6. HP: 30/56 MP: 5/5
  2786 | D:4      | Found Tulidd's Neck Hole.
  2932 | D:4      | Reached skill level 5 in Axes
  3014 | D:4      | Reached XP level 7. HP: 62/62 MP: 6/6
  3141 | Temple   | Entered the Ecumenical Temple
  3161 | Temple   | Became a worshipper of Gozag Ym Sagoz the Greedy
  3230 | D:5      | Entered Level 5 of the Dungeon
  4818 | D:6      | Reached XP level 8. HP: 71/71 MP: 7/7
  4995 | D:6      | Identified the +5 robe of the Orb Guardian {rN+ Str+4}
  5640 | D:7      | Found a hazy altar of Hepliaklqana.
  5641 | D:7      | Found a radiant altar of Vehumet.
  5684 | D:7      | Found a sparkling altar of Nemelex Xobeh.
  6012 | D:7      | Reached XP level 9. HP: 81/81 MP: 8/8
  6094 | D:7      | Found Ehoaf's Armour Shoppe.
  6436 | D:8      | Noticed Maggie
  6447 | D:8      | Killed Maggie
  7673 | D:8      | Found a glowing golden altar of the Shining One.
  8028 | D:9      | Noticed a purple ugly thing
  8043 | D:9      | Killed a purple ugly thing
  8177 | D:9      | Found Berun's Antique Armour Shoppe.
  8199 | D:9      | Noticed a red ugly thing
  8206 | D:9      | Mangled by a red ugly thing

Illustrated notes

Levels and vault maps discovered:
D:1:      roderic_octagonal_star, layout_rooms,
          hellmonk_ecumenical_altar_heavens_door, serial_shops,
          nicolae_shop_temple_entry_statues_fountains
D:2:      kennysheep_big_flooded_room, layout_basic
D:3:      layout_basic, nicolae_overflow_quartered_altars
D:4:      layout_loops_ring, temple_doors_e, ebering_ghost_sewer_d,
          serial_bayou_pond_a, nicolae_shop_sticking_my_neck_out
D:5:      layout_gridville, kennysheep_generic_room_7
D:6:      layout_basic
D:7:      layout_cave_pools, gammafunk_temple_overflow_forgotten, serial_shops,
          nicolae_inconvenience_store
D:8:      layout_layer_cave, nicolae_tso_carved_into_rock, uniq_maggie
D:9:      minmay_diamond_stairs, layout_gridville, serial_shops,
          nicolae_square_shop, nicolae_transmutations_shop
Temple:   nicolae_temple_bog_church

Skill      XL: |  1  2  3  4  5  6  7  8  9 |
---------------+----------------------------+-----
Fighting       | 4 5 6 7 9 |  9.3
Armour         | 4 5 6 8 9 |  9.3
Shields        | 4 5 6 7 9 |  9.3
Axes           | 3 4 5 6 7 9 |  9.0

Action                   |  1- 3 |  4- 6 |  7- 9 || total
-------------------------+-------+-------+-------++-------
Melee: War axe           |   106 |    86 |   298 ||   490
       Headbutt          |     5 |     9 |    47 ||    61
  Use: Potion            |       |     1 |     4 ||     5
       Scroll            |       |       |    10 ||    10
 Stab: Distracted        |       |       |     1 ||     1
Armor: Scale mail        |    77 |    15 |       ||    92
       Ice dragon scales |       |    30 |   197 ||   227
Dodge: Dodged            |    58 |    49 |   110 ||   217
Block: Buckler           |    42 |    19 |    11 ||    72
       Kite shield       |       |       |   122 ||   122

Table legend: (Time is in decaauts)
 A = Elapsed time spent in this place.
 B = Non-inter-level travel time spent in this place.
 C = Inter-level travel time spent in this place.
 D = Time resting spent in this place.
 E = Time spent auto-exploring this place.
 F = Levels seen in this place.
 G = Mean time per level.
                   A        B        C        D        E       F      G
               +--------+--------+--------+--------+--------+-----+--------+
         Total |   8365 |   8084 |    281 |   1639 |   5121 |  10 |  836.5 |
       Dungeon |   8318 |   8056 |    262 |   1639 |   5112 |   9 |  924.2 |
        Temple |     47 |     28 |     19 |      0 |      9 |   1 |   47.0 |
               +--------+--------+--------+--------+--------+-----+--------+

Top non-repeatable levels by time:
     D:8: 1683 daAuts
     D:5: 1288 daAuts
     D:6: 1153 daAuts
     D:4: 844 daAuts
     D:3: 825 daAuts
     D:1: 797 daAuts
     D:2: 791 daAuts
     D:7: 745 daAuts
     D:9: 189 daAuts
  Temple: 47 daAuts
